 Dungeon Crawl Stone Soup version 0.31-a0-1469-gd420192249 (webtiles) character file.

Game seed: 941501150265889959

338 BigPumpCobain the Ruffian (level 6, -7/59 HPs)
             Began as a Troll Shapeshifter on Dec 28, 2023.
             Killed by divine providence
             ... invoked by an orc priest
              (13 damage)
             ... on level 3 of the Dungeon.
             The game lasted 00:02:04 (1456 turns).

BigPumpCobain the Ruffian (Troll Shapeshifter)      Turns: 1456, Time: 00:02:04

Health: -7/59      AC:  4    Str: 25    XL:     6   Next: 29%
Magic:  5/5        EV:  9    Int:  6    God:
Gold:   118        SH:  0    Dex:  9    Spells: 5/5 levels left

rFire   . .          .
                       - Unarmed
rCold   . . .        (no shield)
rNeg    . . .        a - +0 animal skin
rPois   .            (helmet currently unavailable)
rElec   .            (cloak currently unavailable)
rCorr   .            (gloves unavailable)
SInv    .            (boots unavailable)
Will    .....        (no amulet)
Stlth   +            (no ring)
HPRegen 1.09/turn    (no ring)
MPRegen 0.09/turn

%: no passive effects
@: beast-form
A: beast (slay +2), large, unfitting armour, claws 3, regeneration 1, shaggy fur
1, tough skin 1
a: Begin Untransformation


You were on level 3 of the Dungeon.
You were a hulking beast.
You visited 1 branch of the dungeon, and saw 3 of its levels.

You collected 118 gold pieces.

Inventory:

Armour
 a - a +0 animal skin (worn)
Jewellery
 q - a ring of positive energy
Talismans
 c - a beast talisman
 d - a flux talisman
Scrolls
 e - 6 scrolls of identify {unknown}
 h - a scroll of fear {unknown}
 i - a scroll of revelation {unknown}
 m - a scroll of noise {unknown}
 n - a scroll of fog {unknown}
 p - 2 scrolls of teleportation {unknown}
Potions
 b - 3 potions of lignification
 f - a potion of mutation {unknown}
 g - a potion of attraction {unknown}
 j - a potion of berserk rage {unknown}
 k - 2 potions of curing {unknown}
 l - a potion of degeneration {unknown}
 o - a potion of heal wounds {unknown}
 r - a potion of ambrosia {unknown}
 s - a potion of magic {unknown}


   Skills:
 + Level 2.5 Fighting
 - Level 1.5 Dodging
 * Level 5.4 Unarmed Combat
 + Level 4.1 Shapeshifting


You had 5 spell levels left.
You didn't know any spells.
Your spell library contained the following spells:

 Spells                   Type           Power      Damage    Failure   Level
 Magic Dart               Conj           0%         1d3       45%         1
 Blink                    Tloc           0%         N/A       58%         2
 Call Imp                 Summ           0%         N/A       58%         2


Dungeon Overview and Level Annotations

Branches:
Dungeon (3/15)

Altars:
Cheibriados


Innate Abilities, Weirdness & Mutations

You are a hulking beast.
Your limbs bulge with bestial killing power. (Slay +2)
You are too large for most types of armour.
You have claws for hands.
Your natural rate of healing is unusually fast.
You are covered in fur. (AC +1)
You have tough skin. (AC +1)


Message History

The orc priest is almost dead.
You barely miss the dart slug.
The orc priest calls down the wrath of Beogh upon you.
Beogh smites you!
You claw the dart slug!
You kill the dart slug!
You scratch the orc priest but do no damage.
The orc priest is almost dead.
The orc barely misses you.
The orc wizard hits you with a +0 dagger.
The orc priest mumbles some strange prayers to Beogh against you.
Beogh smites you!
You are too injured to fight recklessly!
You are too injured to fight recklessly!
You are too injured to fight recklessly!
You are too injured to fight recklessly!
You are too injured to fight recklessly!
You are too injured to fight recklessly!
You are too injured to fight recklessly!
You are too injured to fight recklessly!
You are too injured to fight recklessly!
You are too injured to fight recklessly!
You are too injured to fight recklessly!
You are too injured to fight recklessly!
You are too injured to fight recklessly!
You are too injured to fight recklessly!
You are too injured to fight recklessly!
You are too injured to fight recklessly!
You are too injured to fight recklessly!
You are too injured to fight recklessly!
You are too injured to fight recklessly!
You are too injured to fight recklessly!
You are too injured to fight recklessly!
Okay, then.
The orc hits you with a +2 mace of distortion.
Space warps horribly around you!!
* * * LOW HITPOINT WARNING * * *
The orc priest invokes the aid of Beogh against you.
Beogh smites you!
You die...

#. #........#.#. #.
#............ #.
#........#.#. #.
#........#.#.
###.#####............ #
...............##.#.
#.###oo######.##..##.#.
#....oo# #.##..##.#.
#?....h######.##..##...
...............##.###...
###...#........##.......
#...#........##.####..
#...#.######.#[.......
#.. #.# #.#..##.... #.#
#.# #.#...#.... #.
#.######.#........
#.................


You could see an orc priest, an orc wizard and 2 orcs.

Vanquished Creatures
  A centaur (D:3)
  An orc priest (D:3)
  An iron imp (D:3)
  A sleepcap (D:3)
  An iguana (D:3)
  An orc wizard (D:3)
  Terence (D:3)
  3 adders
  5 dart slugs
  9 orcs
  6 ball pythons
  4 endoplasms
  3 giant cockroaches
  2 goblins
  7 hobgoblins
  7 kobolds
  A quokka (D:3)
  7 bats
  4 frilled lizards
  3 rats
68 creatures vanquished.

Notes
Turn   | Place    | Note
-------+----------+-------------------------------------------
     0 | D:1      | BigPumpCobain the Troll Shapeshifter began the quest for
                  | the Orb.
     0 | D:1      | Reached XP level 1. HP: 18/18 MP: 0/0
     0 | D:1      | Noticed a minotaur skeleton
   138 | D:1      | Found a faded altar of an unknown god.
   142 | D:1      | Reached skill level 1 in Fighting
   150 | D:1      | Reached XP level 2. HP: 26/27 MP: 1/1
   486 | D:2      | Reached XP level 3. HP: 33/33 MP: 2/2
   607 | D:2      | Reached skill level 4 in Unarmed Combat
   807 | D:3      | Noticed Terence
   815 | D:3      | HP: 1/33 [orc wizard/magic dart (8)]
   821 | D:2      | Reached XP level 4. HP: 9/41 MP: 3/3
   864 | D:3      | Killed Terence
   977 | D:3      | Noticed a centaur
   983 | D:3      | Killed a centaur
   984 | D:3      | Reached XP level 5. HP: 49/49 MP: 4/4
  1128 | D:3      | Reached skill level 5 in Unarmed Combat
  1175 | D:3      | Found a snail-covered altar of Cheibriados.
  1252 | D:3      | Reached XP level 6. HP: 54/59 MP: 5/5
  1456 | D:3      | Killed from afar by an orc priest

Illustrated notes

Levels and vault maps discovered:
D:1:      shiori_arrival_whats_in_store_for_you, layout_basic,
          hellmonk_ecumenical_altar_run_dry
D:2:      layout_basic, minmay_pentomino_q2
D:3:      layout_basic, chei_slow_surprise, uniq_terence

Skill      XL: |  1  2  3  4  5 |
---------------+----------------+-----
Fighting       | 1 2 |  2.5
Unarmed Combat | 4 5 |  5.4
Shapeshifting  | 4 |  4.1
Dodging        | |  1.5

Action                     |  1- 3 |  4- 6 || total
---------------------------+-------+-------++-------
  Melee: Unarmed           |    80 |    74 ||   154
         Punch             |     1 |     2 ||     3
 Armour: Animal skin       |    57 |    44 ||   101
  Dodge: Dodged            |    40 |    30 ||    70

Table legend: (Time is in decaauts)
 A = Elapsed time spent in this place.
 B = Non-inter-level travel time spent in this place.
 C = Inter-level travel time spent in this place.
 D = Time resting spent in this place.
 E = Time spent auto-exploring this place.
 F = Levels seen in this place.
 G = Mean time per level.
                   A        B        C        D        E       F      G
               +--------+--------+--------+--------+--------+-----+--------+
         Total |   1443 |   1396 |     47 |     30 |   1033 |   3 |  481.0 |
       Dungeon |   1443 |   1396 |     47 |     30 |   1033 |   3 |  481.0 |
               +--------+--------+--------+--------+--------+-----+--------+

Top non-repeatable levels by time:
     D:3: 611 daAuts
     D:1: 470 daAuts
     D:2: 361 daAuts
